 Dungeon Crawl Stone Soup version 0.29.1-2-gbd0b4ee654 (webtiles) character file.

Game seed: 10054688769615141435

203 kingsuperguy the Covert (level 5, -1/28 HPs)
             Began as a Spriggan Delver on Nov 15, 2022.
             Killed from afar by an orc wizard (9 damage)
             ... with a puff of flame
             ... on level 4 of the Dungeon.
             The game lasted 00:18:21 (4754 turns).

kingsuperguy the Covert (Spriggan Delver)           Turns: 4754, Time: 00:18:22

Health: -1/28      AC:  3    Str:  8    XL:     5   Next: 51%
Magic:  8/8        EV: 18    Int: 11    God:
Gold:   36         SH:  0    Dex: 19    Spells: 7/7 levels left

rFire   . . .      SeeInvis +   p - +2 sling (freeze)
rCold   . . .      Faith    .   (no shield)
rNeg    . . .      Spirit   .   b - +0 robe
rPois   .          Reflect  +   i - +1 hat
rElec   .          Harm     .   (no cloak)
rCorr   .          Rampage  .   (gloves unavailable)
Will    .....                   (boots unavailable)
Stlth   ++........              w - amulet of reflection
HPRegen 0.09/turn               (no ring)
MPRegen 0.11/turn               (no ring)

@: confused, very quick
A: very small, no large weapons, unfitting armour, see invisible, speed 3
a: no special abilities


You were on level 4 of the Dungeon.
You visited 1 branch of the dungeon, and saw 5 of its levels.

You collected 194 gold pieces.
You spent 158 gold pieces at shops.

Inventory:

Hand Weapons
 a - a +0 short sword
 p - a +2 sling of freezing (weapon)
Missiles
 k - 4 curare-tipped darts
 m - 29 stones
 v - 8 poisoned darts
Armour
 b - a +0 robe (worn)
 i - a +1 hat (worn)
Jewellery
 w - an amulet of reflection (around neck)
Wands
 g - a wand of digging (3)
 t - a wand of polymorph (8)
Scrolls
 d - a scroll of magic mapping
 e - a scroll of fear
 h - a scroll of immolation {unknown}
 o - a scroll of noise {unknown}
 q - 2 scrolls of teleportation
 s - a scroll of brand weapon {unknown}
 x - a scroll of poison {unknown}
 y - a scroll of blinking {unknown}
Potions
 c - a potion of flight {unknown}
 f - a potion of haste
 j - a potion of curing
 l - 2 potions of degeneration {unknown}
 n - a potion of heal wounds {unknown}
 r - a potion of mutation {unknown}
 u - a potion of attraction {unknown}


   Skills:
 + Level 2.9 Fighting
 + Level 3.2 Short Blades
 - Level 1.7 Ranged Weapons
 + Level 0.1 Throwing
 + Level 3.3 Dodging
 + Level 9.0 Stealth
 * Level 1.5 Spellcasting


You had 7 spell levels left.
You didn't know any spells.
Your spell library contained the following spells:

 Spells                   Type           Power      Damage    Failure   Level
 Beastly Appendage        Tmut           0%         N/A       30%         1
 Scorch                   Fire           0%         2d5       43%         2
 Wereblood                Tmut           0%         N/A       43%         2
 Inner Flame              Hex/Fire       0%         N/A       67%         3
 Spider Form              Tmut/Pois      0%         N/A       67%         3
 Cause Fear               Hex            0%         N/A       97%         4
 Flame Wave               Conj/Fire      0%         2d4       97%         4
 Summon Cactus Giant      Summ           0%         N/A       100%        6
 Discord                  Hex            0%         N/A       100%        8


Dungeon Overview and Level Annotations

Branches:
Dungeon (5/15)
 Temple: D:4-7

Altars:
Ashenzari
The Shining One

Shops:
D:1 =   D:2 *:((   D:4 ([*[

Annotations:
D:4 Natasha


Innate Abilities, Weirdness & Mutations

You are very small and have problems with some larger weapons.
You are too small for most types of armour.
You have supernaturally acute eyesight. (SInv)
You cover ground extremely quickly. (Speed+++)


Message History

There is a stone staircase leading down here.
You climb downwards.
Level annotation: Natasha
There is a stone staircase leading up here.
Fire: p) +2 sling (freeze)
Press: ? - help, Q - select action, (/) - cycle Shift-Dir - straight line, f - orc wizard
Aim: an orc wizard, wielding a +0 dagger and wearing a +0 robe (wandering, hasn't noticed you, 55% to hit)
You shoot a sling bullet. The orc wizard shouts!
The orc wizard shouts!
The sling bullet hits the orc wizard.
The sling bullet freezes the orc wizard.
The orc wizard is lightly wounded.
You hear a shout! x2
Fire: p) +2 sling (freeze)
Press: ? - help, Q - select action, (/) - cycle Shift-Dir - straight line, f - orc wizard
Aim: an orc wizard, wielding a +0 dagger and wearing a +0 robe (55% to hit)
You shoot a sling bullet. The sling bullet hits the orc wizard!
The sling bullet freezes the orc wizard.
The orc wizard is severely wounded.
Fire: p) +2 sling (freeze)
Press: ? - help, Q - select action, (/) - cycle Shift-Dir - straight line, f/p - orc wizard
Aim: an orc wizard, wielding a +0 dagger and wearing a +0 robe (severely wounded, 55% to hit)
You shoot a sling bullet.
The sling bullet closely misses the orc wizard.
The orc wizard points at you and mumbles some strange words.
You are confused.
The orc wizard gestures at you while chanting.
The puff of flame hits you!
The orc wizard gestures at you while chanting.
You easily resist.
The orc wizard shouts!
The orc wizard points at you and mumbles some strange words.
The puff of flame hits you!
* * * LOW HITPOINT WARNING * * *
The orc wizard gestures wildly while chanting.
The orc wizard flickers and vanishes for a moment.
The orc wizard points at you and mumbles some strange words.
The puff of flame hits you!
You die...

###.####..#..........###..#
#
#...####.........#...#...#
#
#.....###.......####....##
# ##.##.<.##.......#
#....## ##
##..####...#.)...##
#.....## #. ##..##
##....o.)## ##.....###.
.....## ##..oo.##
##.....##..
.###..####...##.o#
#.......... ##
##...##..###.@###
##..†....... # #......##
#....###.......###. #
#.....## ##..#...#......##
## ## #....##
##..####......### #
.####.....###...# ##....##
# ...#...#...##..## ###.##
#.....###......# #.#
##...###....#### #.#
##..###.##### ...


You could see 4 orc wizards.

Vanquished Creatures
  2 jellies (D:4)
  Ijyb (D:3)
  An iguana (D:4)
  2 adders
  2 worms
  2 dart slugs
  3 orcs
  3 bats
  7 endoplasms
  3 giant cockroaches
  6 goblins
  3 hobgoblins
  2 quokkas (D:3)
  6 ball pythons
  4 frilled lizards
  7 kobolds
  3 rats
57 creatures vanquished.

Notes
Turn   | Place    | Note
-------+----------+-------------------------------------------
     0 | D:5      | kingsuperguy the Spriggan Delver began the quest for the
                  | Orb.
     0 | D:5      | Reached XP level 1. HP: 11/11 MP: 2/2
    20 | D:5      | Noticed a howler monkey
    29 | D:5      | Noticed an ogre
   119 | D:5      | Noticed a scorpion
   230 | D:3      | Found a glowing golden altar of the Shining One.
   247 | D:3      | Reached XP level 2. HP: 16/16 MP: 3/3
   993 | D:3      | Reached skill level 8 in Stealth
  1026 | D:3      | Noticed Ijyb
  1251 | D:2      | Found Waggic's Weapon Shop.
  1543 | D:1      | Reached XP level 3. HP: 19/19 MP: 4/4
  1659 | D:1      | Found Rofuanuu's One-of-a-Kind Rings.
  1688 | D:2      | Found Erokk's General Store.
  1697 | D:2      | Bought a scroll of teleportation for 33 gold pieces
  1733 | D:2      | Found Miugetiokk's Book Emporium.
  2116 | D:2      | Found Sekhud's Antique Weapon Shop.
  2122 | D:2      | Reached skill level 1 in Ranged Weapons
  2620 | D:3      | Killed Ijyb
  2621 | D:3      | Reached XP level 4. HP: 23/23 MP: 5/5
  2932 | D:4      | Found Cevizuh's Weapon Boutique.
  2992 | D:4      | Found Difawk's Assorted Antiques.
  3002 | D:4      | Bought a thick lapis lazuli amulet for 125 gold pieces
  3094 | D:4      | Found Wevamo's Armour Emporium.
  3292 | D:4      | Found Fulocin's Antique Armour Shoppe.
  3366 | D:4      | Noticed Natasha
  3393 | D:4      | Reached skill level 1 in Spellcasting
  3393 | D:4      | Reached XP level 5. HP: 28/28 MP: 7/7
  3955 | D:4      | Reached skill level 9 in Stealth
  4754 | D:4      | Killed from afar by an orc wizard

Illustrated notes

Levels and vault maps discovered:
D:1:      minmay_arrival_stair_chambers, layout_basic,
          shapermc_ecumenical_altar_starsandcircs, nicolae_shop_unique_rings
D:2:      layout_loops_ring, serial_shops, nicolae_diamond_shop, shop,
          nicolae_shop_statue_plus, nicolae_shop_advertising_works
          [nicolae_subvault_shop_adworks]
D:3:      layout_basic, tso_oasis_becter, hangedman_decor_opposing,
          grunt_ministairs_3, uniq_ijyb
D:4:      layout_layer_cave, serial_shops, shop, shop, shop,
          nicolae_shop_crystal, uniq_natasha
D:5:      layout_cave_pools, nicolae_uskayaw_en_pointe, general_overflow_altar,
          nicolae_dithmenos_shadow_blocks, nicolae_ashenzari_skybound,
          serial_bayou, serial_bayou_pond_a, serial_bayou_pond_d,
          serial_bayou_ford_a, serial_bayou_pond_d, uniq_pikel

Skill      XL: |  1  2  3  4  5 |
---------------+----------------+-----
Stealth        | 8 9 |  9.0
Ranged Weapons | 1 |  1.7
Dodging        | 3 |  3.3
Short Blades   | 3 |  3.2
Spellcasting   | 1 |  1.5
Fighting       | |  2.9
Throwing       | |  0.1

Action                   |  1- 3 |  4- 6 || total
-------------------------+-------+-------++-------
Melee: Short sword       |   108 |    53 ||   161
       Punch             |       |     1 ||     1
 Fire: Sling             |    16 |    10 ||    26
Throw: Dart              |     1 |     4 ||     5
       Stone             |       |     7 ||     7
  Use: Scroll            |     2 |       ||     2
 Stab: Sleeping          |    19 |     7 ||    26
       Distracted        |       |     1 ||     1
Armor: Robe              |    11 |     5 ||    16
Dodge: Dodged            |    91 |    32 ||   123
Block: Other             |       |     2 ||     2
